 Dungeon Crawl Stone Soup version 0.22-a0-776-ge6d7efa (webtiles) character file.

53 Amnesiac the Digger (level 3, 0/24 HPs)
             Began as a Demonspawn Earth Elementalist on July 18, 2018.
             Slain by a scorpion (10 damage)
             ... on level 5 of the Dungeon.
             The game lasted 00:01:37 (754 turns).

Amnesiac the Digger (Demonspawn Earth Elementalist)  Turns: 754, Time: 00:01:37

Health: 0/24       AC:  2    Str:  8    XL:     3   Next: 64%
Magic:  2/6        EV: 12    Int: 17    God:
Gold:   32         SH:  0    Dex: 13    Spells: 4/7 levels left

rFire    . . .     SeeInvis .   e - +0 dagger
rCold    . . .     Gourm    .   (no shield)
rNeg     . . .     Faith    .   c - +0 robe
rPois    .         Spirit   .   (no helmet)
rElec    .         Reflect  .   (no cloak)
rCorr    .         Harm     .   (no gloves)
MR       .....                  (no boots)
Stlth    ++........             (no amulet)
HPRegen  0.08/turn              (no ring)
MPRegen  0.10/turn              (no ring)

@: no status effects
A: demonic guardian 1, rot immunity
a: no special abilities


You were on level 5 of the Dungeon.
You were not hungry.

You visited 1 branch of the dungeon, and saw 5 of its levels.

You collected 32 gold pieces.

Inventory:

Hand Weapons
 e - a +0 dagger (weapon)
Missiles
 b - 11 stones (quivered)
Armour
 a - a +0 leather armour of poison resistance
 c - a +0 robe (worn)
Scrolls
 f - a scroll of teleportation {!r, unknown}
Comestibles
 d - a ration


   Skills:
 + Level 0.6 Short Blades
 - Level 1.7 Dodging
 - Level 2.0 Stealth
 + Level 2.5 Spellcasting
 - Level 1.0 Transmutations
 * Level 3.5 Earth Magic


You had 4 spell levels left.
You knew the following spells:

 Your Spells              Type           Power        Failure   Level  Hunger
a - Sandblast             Erth           ##....       4%          1    #......
b - Passwall              Tmut/Erth      ##......     11%         2    ##.....

Your spell library contained the following spells:

 Spells                   Type           Power        Failure   Level  Hunger
 Stone Arrow              Conj/Erth      #.....       26%         3    ###....
 Lee's Rapid Deconstruct  Erth           ##........   75%         5    ######.
 Petrify                  Tmut/Erth      ##......     56%         4    #####..


Dungeon Overview and Level Annotations

Branches:
Dungeon (5/15)
 Temple: D:4-7

Altars:
Dithmenos
Hepliaklqana

Annotations:
D:5 exclusion: worker ant


Innate Abilities, Weirdness & Mutations

A weak demonic guardian rushes to your aid.
You are immune to rotting.


Message History

All of the chunks of flesh in your inventory have rotted away.
A giant cockroach comes into view.
Casting: Sandblast (safe; 4% risk of failure)
Confirm with . or Enter, or press ? or * to list all spells.
Aiming: Sandblast (safe; 4% risk of failure)
Press: ? - help, Shift-Dir - straight line, f - giant cockroach
Aim: a giant cockroach The blast of sand hits the giant cockroach.
You kill the giant cockroach!
b - 15 stones
Casting: Sandblast (safe; 4% risk of failure)
Confirm with . or Enter, or press ? or * to list all spells.
You can't see any susceptible monsters within range! (Use Z to cast anyway.)
You see here a glowing leather armour.
a - a glowing leather armour
Found an escape hatch in the floor.
There is a stone staircase leading down here.
Found a shadowy altar of Dithmenos.
A scorpion comes into view.
Found 24 sling bullets and a scroll labeled JEABRA VOIXOI.
Found a stone staircase leading down.
The helpless scorpion fails to defend itself.
You hit the scorpion.
The scorpion is moderately wounded.
The scorpion misses you.
Casting: Sandblast (safe; 4% risk of failure)
Confirm with . or Enter, or press ? or * to list all spells.
Aiming: Sandblast (safe; 4% risk of failure)
Press: ? - help, Shift-Dir - straight line, f - scorpion
Aim: a scorpion (moderately wounded)
The blast of sand hits the scorpion.
The scorpion is heavily wounded.
b - 14 stones The scorpion stings you!
Found a stone staircase leading up.
Casting: Sandblast (safe; 4% risk of failure)
Confirm with . or Enter, or press ? or * to list all spells.
Aiming: Sandblast (safe; 4% risk of failure)
Press: ? - help, Shift-Dir - straight line, f/p - scorpion
Aim: a scorpion (heavily wounded)
The blast of sand hits the scorpion.
The scorpion is heavily wounded.
b - 13 stones The scorpion stings your ufetubus!
Your ufetubus dies!
Casting: Sandblast (safe; 4% risk of failure)
Confirm with . or Enter, or press ? or * to list all spells.
Aiming: Sandblast (safe; 4% risk of failure)
Press: ? - help, Shift-Dir - straight line, f/p - scorpion
Aim: a scorpion (severely wounded)
The blast of sand misses the scorpion.
b - 12 stones The scorpion stings you!
* * * LOW HITPOINT WARNING * * *
Casting: Sandblast (safe; 4% risk of failure)
Confirm with . or Enter, or press ? or * to list all spells.
Aiming: Sandblast (safe; 4% risk of failure)
Press: ? - help, Shift-Dir - straight line, f/p - scorpion
Aim: a scorpion (severely wounded)
The blast of sand hits the scorpion.
The scorpion is almost dead.
b - 11 stones The scorpion stings you!
You die...

#..>.....<.$#
#.....♣.....#
#..........a#
##..♣...♣..
###.......#
##.#......#.
##....####...
##>#s....##
#.#
#(...@....#
.#
#..........$#
+.#?........#
+...§§§§§..##
####§§§§§§##
#####.## #.#
<.


You could see a scorpion.

Vanquished Creatures
  2 adders (D:4)
  2 bats
  A giant cockroach (D:5)
  3 goblins
  A hobgoblin (D:1)
  3 kobolds
  2 rats (D:1)
14 creatures vanquished.

Vanquished Creatures (collateral kills)
  An orc wizard (D:4)
  An orc (D:4)
2 creatures vanquished.

Grand Total: 16 creatures vanquished

Notes
Turn   | Place    | Note
-------+----------+-------------------------------------------
     0 | D:1      | Amnesiac the Demonspawn Earth Elementalist began the quest for the Orb.
     0 | D:1      | Reached XP level 1. HP: 13/13 MP: 3/3
   416 | D:1      | Reached skill level 3 in Earth Magic
   458 | D:2      | Gained mutation: A weak demonic guardian rushes to your aid. [demonic ancestry]
   458 | D:2      | Reached XP level 2. HP: 19/19 MP: 5/5
   462 | D:2      | Learned a level 2 spell: Passwall
   484 | D:3      | Found a hazy altar of Hepliaklqana.
   570 | D:4      | Reached skill level 1 in Transmutations
   587 | D:4      | Noticed an ogre
   592 | D:4      | Gained mutation: You are immune to rotting. [demonic ancestry]
   592 | D:4      | Reached XP level 3. HP: 23/24 MP: 2/6
   611 | D:5      | Entered Level 5 of the Dungeon
   745 | D:5      | Found a shadowy altar of Dithmenos.
   746 | D:5      | Noticed a scorpion
   754 | D:5      | Slain by a scorpion

Vault maps used:
D:1:      tarquinn_simple_flora_water_f, minmay_statues_item
D:2:      fedhas_altar_2, nicolae_overflow_hidden_temple,
          dancing_weapons_uskayaw, first_ration
D:3:      old_standard_altar, nicolae_overflow_crystal_walls,
          lemuel_crystal_altar
D:4:      minmay_misc_feat_doors, yredelemnul_altar_generic
D:5:      lemuel_doored_altar, lemuel_crystal_altar, hangedman_decor_opposing,
          kennysheep_cross_room, grunt_ministairs_10, grunt_dithmenos_smoke

Skill      XL: |  1  2 |
---------------+-------+-----
Earth Magic    | 3 |  3.5
Stealth        | 2 |  2.0
Transmutations | 1 |  1.0
Short Blades   | |  0.6
Dodging        | |  1.7
Spellcasting   | |  2.5

Action                   || total
-------------------------++-------
Melee: Unarmed           ||    22
       Dagger            ||    27
 Cast: Sandblast         ||    19
 Stab: Sleeping          ||     4
Armor: Robe              ||    17
Dodge: Dodged            ||    43

Table legend:
 A = Spawn XP
 B = Non-spawn XP
 C = Spawn XP percentage of total XP
 D = Spawn monster count
 E = Non-spawn monster count
 F = Spawn count percentage of total count
 G = Total turns spent on level
                    A         B        C        D         E        F      G
               +---------+---------+-------+---------+---------+-------+---------
         Total |       0 |      77 |   0.0 |       0 |      16 |   0.0 |   754
               +---------+---------+-------+---------+---------+-------+---------
           D:1 |       0 |      10 |   0.0 |       0 |       6 |   0.0 |   439
           D:2 |       0 |       3 |   0.0 |       0 |       2 |   0.0 |    32
           D:3 |       0 |       5 |   0.0 |       0 |       3 |   0.0 |    92
           D:4 |       0 |      57 |   0.0 |       0 |       4 |   0.0 |    48
           D:5 |       0 |       2 |   0.0 |       0 |       1 |   0.0 |   143
               +---------+---------+-------+---------+---------+-------+---------
